[Event "Titled Tuesday Blitz February 21 Late 2023"]
[White "De Souza, Cristiano Gomes"]
[Black "sissahungrychess"]
[WhiteFideId "2151758"]
[WhiteElo "2018"]
[BlackElo "2453"]
[Result "0-1"]
[Round "09"]
[TimeControl "180+2"]
[Date "2023.02.21"]
[WhiteClock "0:00:59"]
[BlackClock "0:00:22"]

1. d4 Nf6 2. c4 e6 3. Nf3 b6 4. g3 Ba6 5. b3 c6 6. Bg2 d5 7. Ne5 Nfd7 8. Nxd7 Nxd7 9. Nd2 Bb4 10. cxd5 cxd5 11. O-O Bc3 12. Rb1 Bxd4 13. Re1 O-O 14. e4 Bd3 15. Rb2 Qf6 16. Nf3 Bxb2 17. Bxb2 Qxb2 18. Qxd3 dxe4 19. Qxd7 exf3 20. Bxf3 Rad8 21. Qxa7 Rd2 22. Qxb6 Qxa2 23. Qe3 Rb2 24. g4 Rxb3 25. Qe4 Qa5 26. Kg2 Rb2 27. Re3 Qc5 28. h4 g6 29. g5 Rd8 30. Bg4 Rdd2 31. Bxe6 Rxf2+ 32. Kg3 Qd6+ 33. Kg4 Rg2+ 34. Kh3 Qh2# 0-1


[Site "https://www.chess.com"]

[Event "Titled Tuesday Blitz February 21 Late 2023"]
[White "Kujawski, Adam"]
[Black "Wang, Alexander J"]
[WhiteFideId "1100920"]
[BlackFideId "30955270"]
[WhiteElo "2173"]
[BlackElo "1815"]
[Result "1-0"]
[Round "09"]
[TimeControl "180+2"]
[Date "2023.02.21"]
[WhiteClock "0:01:25"]
[BlackClock "0:00:57"]

1. e4 c5 2. Nf3 d6 3. d4 cxd4 4. Nxd4 Nf6 5. Nc3 g6 6. Be3 Bg7 7. f3 O-O 8. Qd2 Nc6 9. O-O-O d5 10. exd5 Nxd5 11. Nxc6 bxc6 12. Bd4 e5 13. Bc5 Re8 14. Nxd5 cxd5 15. Qxd5 Qxd5 16. Rxd5 Be6 17. Rd6 Bf8 18. Rc6 Bd5 19. Rc7 Bh6+ 20. Kb1 e4 21. fxe4 Bxe4 22. Bc4 Bxg2 23. Bxf7+ Kh8 24. Bd4+ Bg7 25. Bxg7+ Kxg7 26. Bxe8+ Kh8 27. Re1 Rd8 28. Bc6 Bxc6 29. Rxc6 Rd7 30. Rce6 Rd5 31. Re7 a5 32. Ra7 Rd8 33. a4 Rb8 34. Ree7 Kg8 35. Rg7+ Kf8 36. Rxh7 Kg8 37. Rag7+ Kf8 38. Rh8+ Kxg7 39. Rxb8 Kh6 40. Rb5 g5 41. Rxa5 Kh5 42. Rd5 Kh4 43. Rd3 g4 44. a5 Kh5 45. a6 Kh4 46. a7 g3 47. hxg3+ Kh3 48. g4+ Kh4 49. g5 Kh5 50. g6 Kh6 51. g7 Kh7 52. g8=Q+ Kxg8 53. a8=Q+ Kf7 54. Qf3+ Ke6 55. Qe4+ Kf6 56. Rf3+ Kg5 57. Qf4+ Kh5 58. Rh3+ Kg6 59. Rg3+ Kh5 60. Qg4+ Kh6 61. Qg6# 1-0


[Site "https://www.chess.com"]

[Event "Titled Tuesday Blitz February 21 Late 2023"]
[White "Simonovic, Miroslav"]
[Black "Ruiz Aguilar, Pablo Alexander"]
[WhiteFideId "919152"]
[BlackFideId "4401352"]
[WhiteElo "2082"]
[BlackElo "2161"]
[Result "1/2-1/2"]
[Round "09"]
[TimeControl "180+2"]
[Date "2023.02.21"]
[WhiteClock "0:00:12"]
[BlackClock "0:00:01"]

1. d4 d5 2. Bg5 h6 3. Bh4 c5 4. c3 cxd4 5. cxd4 Qb6 6. Qc2 Nc6 7. e3 e5 8. dxe5 Qb4+ 9. Nc3 Qxh4 10. Nxd5 Qd8 11. O-O-O Qa5 12. Kb1 Be6 13. Bc4 O-O-O 14. e4 Kb8 15. f4 g6 16. Nf3 Nb4 17. Qb3 Nxd5 18. exd5 Bf5+ 19. Ka1 Qb4 20. d6 Qxb3 21. Bxb3 Rh7 22. Nd4 Bc8 23. Rhf1 h5 24. f5 gxf5 25. Nxf5 Nh6 26. Ne7 Bxe7 27. dxe7 Re8 28. Rd8 Rxe7 29. Re1 Ng4 30. e6 fxe6 31. Bxe6 Rc7 32. Bxc8 Rxc8 33. Rxc8+ Kxc8 34. h3 Nf6 35. a3 Nd5 36. Re5 Ne7 37. Re6 Nc6 38. Re8+ Kd7 39. Re2 Re7 40. Ka2 Rxe2 41. Kb3 Rxg2 42. a4 Rg3+ 43. Kc4 Rxh3 44. b4 Nxb4 45. Kxb4 Rh4+ 46. Kb5 Rg4 47. a5 a6+ 48. Kb6 Kc8 49. Ka7 h4 50. Kb6 h3 51. Ka7 h2 52. Ka8 h1=Q 53. Ka7 Qg1+ 54. Ka8 b5 55. axb6 Kd7 56. b7 Rg8+ 57. b8=Q Rxb8+ 58. Kxb8 Qb6+ 59. Ka8 Qc6+ 60. Ka7 Qc7+ 61. Ka8 Qc6+ 62. Ka7 Qd6 63. Kb7 a5 64. Ka8 a4 65. Ka7 a3 66. Ka8 a2 67. Kb7 a1=N 68. Ka8 Nb3 69. Kb7 Nd4 70. Ka7 Qc5+ 71. Ka8 Qc6+ 72. Kb8 1/2-1/2


[Site "https://www.chess.com"]

[Event "Titled Tuesday Blitz February 21 Late 2023"]
[White "Magallanes, Rey Jomar"]
[Black "Fajdetic, Hrvoje"]
[WhiteFideId "5205948"]
[BlackFideId "14501945"]
[WhiteElo "2052"]
[BlackElo "2151"]
[Result "1-0"]
[Round "09"]
[TimeControl "180+2"]
[Date "2023.02.21"]
[WhiteClock "0:01:47"]
[BlackClock "0:00:01"]

1. e4 c5 2. Nf3 a6 3. d4 cxd4 4. Nxd4 Nf6 5. e5 Qa5+ 6. Nc3 Qxe5+ 7. Be2 Nc6 8. Be3 d5 9. O-O h5 10. Bf3 Bg4 11. Re1 Nxd4 12. Bxd4 Bxf3 13. Bxe5 Bxd1 14. Raxd1 Nd7 15. Nxd5 Rc8 16. Nc7+ Kd8 17. Nd5 Rc6 18. Nb4 Re6 19. f4 f6 20. Bc7+ Kxc7 21. Rxe6 Nc5 22. Nd5+ Kc8 23. Nb6+ Kc7 24. Nd5+ Kc8 25. Nxe7+ Bxe7 26. Rxe7 g5 27. fxg5 fxg5 28. Re5 Nd7 29. Rxg5 Re8 30. Rg7 Nc5 31. g3 Re2 32. b4 Ne4 33. c4 Nf2 34. Rdd7 Nh3+ 35. Kf1 Rf2+ 36. Ke1 Rxa2 37. Rc7+ Kd8 38. Rgd7+ Ke8 39. Rxb7 Rb2 40. Rh7 1-0


[Site "https://www.chess.com"]

[Event "Titled Tuesday Blitz February 21 Late 2023"]
[White "Eckert, Doug"]
[Black "Karwowski, Kacper"]
[WhiteFideId "2001993"]
[BlackFideId "1126032"]
[WhiteElo "2075"]
[BlackElo "2164"]
[Result "0-1"]
[Round "09"]
[TimeControl "180+2"]
[Date "2023.02.21"]
[WhiteClock "0:00:15"]
[BlackClock "0:00:14"]

1. d4 d5 2. c4 c6 3. Nf3 Nf6 4. Qb3 e6 5. Bg5 Nbd7 6. e3 Be7 7. Nc3 O-O 8. cxd5 cxd5 9. Bd3 a6 10. O-O h6 11. Bh4 b5 12. Rac1 Bb7 13. Ne2 Rc8 14. Rxc8 Qxc8 15. Rc1 Qb8 16. Bb1 Rc8 17. Rxc8+ Qxc8 18. Qc2 Qxc2 19. Bxc2 Kf8 20. Kf1 Bd6 21. Bg3 Bxg3 22. hxg3 Nb6 23. Ne5 Ke7 24. b3 Nbd7 25. Nxd7 Kxd7 26. Nf4 Kc6 27. Nd3 Nd7 28. f3 Kb6 29. b4 a5 30. a3 f6 31. Ke2 axb4 32. axb4 Kc6 33. f4 Nb6 34. Nc5 Bc8 35. Bb3 Nc4 36. Kd3 Kd6 37. Bxc4 dxc4+ 38. Kc3 f5 39. Kc2 Bd7 40. Kc3 Bc6 41. e4 Bxe4 42. Kd2 Bxg2 43. Kc3 g5 44. Kd2 Bc6 45. Ke3 gxf4+ 46. Kxf4 c3 47. Ke3 Be4 48. Nb3 c2 49. Kd2 Kd5 50. Kc1 Kc4 51. Nd2+ Kxd4 52. Nb3+ Kc3 0-1


[Site "https://www.chess.com"]

[Event "Titled Tuesday Blitz February 21 Late 2023"]
[White "Kohler, Aran"]
[Black "Pein, Jonathan"]
[WhiteFideId "1002856"]
[BlackFideId "417092"]
[WhiteElo "2010"]
[BlackElo "2265"]
[Result "0-1"]
[Round "09"]
[TimeControl "180+2"]
[Date "2023.02.21"]
[WhiteClock "0:00:01"]
[BlackClock "0:00:14"]

1. e4 e5 2. Nf3 d6 3. d4 exd4 4. Nxd4 Nf6 5. Nc3 g6 6. Bg5 Bg7 7. Qd2 h6 8. Bh4 O-O 9. O-O-O Re8 10. f3 Nxe4 11. Qe1 Nf6 12. Qf2 Nc6 13. Bb5 Bd7 14. Nxc6 bxc6 15. Bc4 d5 16. Bb3 Qb8 17. Bg3 Nh5 18. Qc5 Nxg3 19. hxg3 Qb6 20. Na4 Qb5 21. Qxb5 cxb5 22. Nc5 Bc6 23. Bxd5 Bxd5 24. Rxd5 c6 25. Rd2 Rad8 26. Rxd8 Rxd8 27. c3 b4 28. Kc2 a5 29. Nb7 Re8 30. Nxa5 bxc3 31. bxc3 Re2+ 32. Kb3 Rxg2 33. Nxc6 Rxg3 34. a4 Rxf3 35. Rc1 Rf6 36. Nb4 Rf5 37. c4 Bf8 38. Nd5 Rf3+ 39. Rc3 Rf1 40. c5 Rd1 41. Nf6+ Kg7 42. Ne4 f5 43. Nf2 Rd2 44. Nd3 h5 45. a5 h4 46. a6 Bxc5 47. Nxc5 Rd1 48. a7 Ra1 49. Na4 Rb1+ 50. Nb2 Ra1 51. Na4 Rb1+ 52. Kc4 h3 53. a8=Q h2 54. Qg2 h1=Q 55. Qxh1 Rxh1 56. Nc5 Re1 57. Kd5 g5 58. Nd3 Re4 59. Ne5 Kf6 60. Rc7 Rxe5+ 61. Kd4 Re4+ 62. Kd3 g4 63. Rc6+ Kg5 64. Rc1 g3 65. Rc8 Kf4 66. Rg8 Kf3 67. Kd2 f4 68. Rg7 Re2+ 69. Kd1 Re3 0-1


[Site "https://www.chess.com"]

[Event "Titled Tuesday Blitz February 21 Late 2023"]
[White "Sabar, Ethmane Daouda"]
[Black "ArturoCaceres"]
[WhiteFideId "19600097"]
[WhiteElo "2040"]
[BlackElo "2405"]
[Result "1-0"]
[Round "09"]
[TimeControl "180+2"]
[Date "2023.02.21"]
[WhiteClock "0:00:06"]
[BlackClock "0:00:12"]

1. b3 c5 2. Bb2 Nc6 3. e3 d5 4. f4 Nf6 5. Bb5 Qb6 6. Bxc6+ Qxc6 7. Nf3 Bg4 8. O-O Qb6 9. d3 e6 10. Nbd2 Be7 11. h3 Bxf3 12. Nxf3 O-O-O 13. Qe1 h6 14. Ne5 Rdf8 15. c4 dxc4 16. Nxc4 Qa6 17. d4 Ne4 18. Qc1 Kb8 19. Qc2 f5 20. dxc5 Rc8 21. Bxg7 Rhg8 22. Be5+ Ka8 23. b4 Rg6 24. a4 Qc6 25. Rfd1 Rcg8 26. g4 fxg4 27. h4 g3 28. Bd4 Nf2 29. e4 Qxe4 30. Qxe4 Nxe4 31. Ne5 R6g7 32. b5 Bxc5 33. Bxc5 Nxc5 34. a5 Rc8 35. b6 a6 36. Rac1 Kb8 37. Rd6 Re7 38. Ng6 Ree8 39. Ne5 Nb3 40. Nd7+ Ka8 41. Rxc8+ Rxc8 42. Rxe6 Nxa5 43. Rxh6 Nc4 44. f5 a5 45. h5 a4 46. Re6 a3 47. Re2 Rd8 48. Nc5 Rd1+ 49. Kg2 Rd2 50. Rxd2 Nxd2 51. f6 Nc4 52. f7 Ne3+ 53. Kf3 Kb8 54. f8=Q# 1-0


[Site "https://www.chess.com"]

[Event "Titled Tuesday Blitz February 21 Late 2023"]
[White "Michalski, Olaf"]
[Black "Skaric, Djuro"]
[WhiteFideId "1106740"]
[BlackFideId "934569"]
[WhiteElo "2273"]
[BlackElo "2334"]
[Result "0-1"]
[Round "09"]
[TimeControl "180+2"]
[Date "2023.02.21"]
[WhiteClock "0:00:01"]
[BlackClock "0:01:29"]

1. d4 g6 2. c4 Bg7 3. Nc3 d6 4. e4 Nf6 5. Nf3 O-O 6. Be2 Nc6 7. d5 Ne5 8. Nxe5 dxe5 9. O-O h6 10. Be3 Ne8 11. Qd2 Kh7 12. c5 f5 13. exf5 gxf5 14. f4 e4 15. Rfd1 Nf6 16. Bd4 a6 17. Be5 Rg8 18. g3 Bd7 19. Bc4 Ng4 20. d6 Nxe5 21. Bxg8+ Qxg8 22. fxe5 Bxe5 23. dxe7 Bc6 24. Qd8 Bf6 25. Qxg8+ Kxg8 26. Nd5 Be5 27. Nb6 Re8 28. Nc4 Bf6 29. Rd8 Rxd8 30. exd8=Q+ Bxd8 31. Rd1 Bf6 32. b3 Kf7 33. Kf2 Ke6 34. Ke3 Bg5+ 35. Kd4 f4 36. gxf4 Bxf4 37. Na5 Bd5 38. Re1 Be5+ 39. Ke3 Bxh2 40. Nc4 Bxc4 41. bxc4 Ke5 42. Rh1 Bf4+ 43. Ke2 Bg5 44. Rd1 c6 45. Rd7 a5 0-1


[Site "https://www.chess.com"]

[Event "Titled Tuesday Blitz February 21 Late 2023"]
[White "Delgado Rosas, Fatima Alexandra"]
[Black "Adel, Sara"]
[WhiteFideId "6603963"]
[BlackFideId "10616764"]
[WhiteElo "1500"]
[BlackElo "1739"]
[Result "0-1"]
[Round "09"]
[TimeControl "180+2"]
[Date "2023.02.21"]
[WhiteClock "0:02:22"]
[BlackClock "0:02:40"]

1. d4 Nf6 2. c4 g6 3. Nc3 Bg7 4. Nf3 d6 5. g3 O-O 6. Bg2 Nc6 7. O-O e5 8. d5 Ne7 9. e4 Ne8 10. Rb1 f5 11. Nd2 f4 12. f3 h5 13. b4 g5 14. Nb3 g4 15. gxf4 exf4 16. Bb2 Ng6 17. Kh1 Qh4 18. Qe1 g3 19. h3 Bxh3 20. Rg1 Bg4+ 0-1


[Site "https://www.chess.com"]

[Event "Titled Tuesday Blitz February 21 Late 2023"]
[White "Mitrovic, Darko R"]
[Black "Romero Ruscalleda, Josep"]
[WhiteFideId "927023"]
[BlackFideId "2231859"]
[WhiteElo "2220"]
[BlackElo "2160"]
[Result "1-0"]
[Round "09"]
[TimeControl "180+2"]
[Date "2023.02.21"]
[WhiteClock "0:00:10"]
[BlackClock "0:01:11"]

1. d4 g6 2. Nf3 Bg7 3. g3 d6 4. Bg2 Nf6 5. O-O O-O 6. c4 Bf5 7. Nc3 Qc8 8. d5 Ne4 9. Nxe4 Bxe4 10. Nd4 Bxg2 11. Kxg2 c5 12. Nf3 a6 13. a4 Nd7 14. a5 b5 15. axb6 Nxb6 16. Qc2 Qg4 17. e4 f5 18. Bf4 h5 19. h3 fxe4 20. hxg4 exf3+ 21. Kg1 hxg4 22. Qxg6 Rf6 23. Qxg4 Kf7 24. Qh5+ Rg6 25. Rae1 Bf6 26. b3 a5 27. Qxf3 a4 28. bxa4 Rxa4 29. Rb1 Nxc4 30. Rb8 Ra3 31. Qe4 Rc3 32. Qe6+ Kg7 33. Qg8# 1-0


[Site "https://www.chess.com"]

[Event "Titled Tuesday Blitz February 21 Late 2023"]
[White "Gamboa, Juan Pablo"]
[Black "Huang, Alex"]
[WhiteFideId "105180"]
[BlackFideId "4302508"]
[WhiteElo "2224"]
[BlackElo "2009"]
[Result "1/2-1/2"]
[Round "09"]
[TimeControl "180+2"]
[Date "2023.02.21"]
[WhiteClock "0:00:28"]
[BlackClock "0:00:13"]

1. c4 e5 2. Nc3 d6 3. g3 f5 4. d4 e4 5. f3 exf3 6. Nxf3 Nf6 7. Bg2 Be7 8. O-O O-O 9. Qd3 c6 10. e4 fxe4 11. Nxe4 Nxe4 12. Qxe4 Bf5 13. Qe2 Bf6 14. Be3 Qe7 15. Rae1 Nd7 16. Qd2 Bg6 17. Bf4 Qd8 18. Bxd6 Re8 19. Rxe8+ Qxe8 20. Re1 Qf7 21. d5 cxd5 22. Qxd5 Qxd5 23. cxd5 Nb6 24. Ne5 Re8 25. Kf2 Nc8 26. Bb8 Bf5 27. g4 Bh4+ 28. Kf1 Bxe1 29. Kxe1 Bxg4 30. Kf2 Bf5 31. Kg3 a6 32. Kf4 g6 33. h4 Nb6 34. Bc7 Na4 35. d6 Nc5 36. Bd5+ Kg7 37. b4 Be6 38. bxc5 Bxd5 39. d7 Rf8+ 40. Ke3 Kf6 41. d8=Q+ Rxd8 42. Bxd8+ Kxe5 43. Be7 Bxa2 44. Kd3 Bd5 45. Kc3 h6 46. Kb4 Kf5 47. Ka5 Kg4 48. Kb6 g5 49. hxg5 hxg5 50. Kc7 Kf4 51. Kd6 g4 52. Bf6 g3 53. Be5+ Kf3 54. Bxg3 Kxg3 55. Kxd5 a5 56. Kc4 Kf4 57. Kb5 Ke5 58. Kxa5 Ke6 59. Kb5 Kd5 60. Kb6 Kc4 61. c6 bxc6 62. Kxc6 1/2-1/2


[Site "https://www.chess.com"]

[Event "Titled Tuesday Blitz February 21 Late 2023"]
[White "Better_Chess_Faster"]
[Black "Gamage, Wanshini Vidusama"]
[BlackFideId "9953752"]
[WhiteElo "1982"]
[BlackElo "1089"]
[Result "1/2-1/2"]
[Round "09"]
[TimeControl "180+2"]
[Date "2023.02.21"]
[WhiteClock "0:00:09"]
[BlackClock "0:00:06"]

1. c4 g6 2. g3 Bg7 3. Bg2 Bf6 4. Nc3 c6 5. d4 e6 6. e4 Ne7 7. Nf3 O-O 8. h4 h5 9. Bh6 Bg7 10. Qd2 d5 11. O-O-O Na6 12. Kb1 Nc7 13. cxd5 cxd5 14. Bxg7 Kxg7 15. Ne5 dxe4 16. g4 f6 17. Nxg6 Kxg6 18. Bxe4+ Kf7 19. gxh5 Nf5 20. Bxf5 exf5 21. Qh6 Rg8 22. Rhg1 Qf8 23. Qf4 Ne6 24. Qxf5 Nxd4 25. Qh7+ Rg7 26. Rxg7+ Qxg7 27. Qxg7+ Kxg7 28. Rxd4 Bf5+ 29. Kc1 Re8 30. Kd2 Kh6 31. Rd6 Re6 32. Rxe6 Bxe6 33. Ne4 Bxa2 34. Nxf6 Bf7 35. Ke3 Bxh5 36. f4 Bg6 37. Kd4 Bf5 38. Ke5 Bh3 39. h5 a5 40. f5 b5 41. Ne4 Kxh5 42. b3 a4 43. bxa4 bxa4 44. Nc3 a3 45. Kd4 Kg5 46. Kc4 Bxf5 47. Kb3 Be6+ 48. Kxa3 1/2-1/2


[Site "https://www.chess.com"]

[Event "Titled Tuesday Blitz February 21 Late 2023"]
[White "Jesusesmifuerza"]
[Black "Desideri, Ricardo Maruchi"]
[BlackFideId "2110440"]
[WhiteElo "2009"]
[BlackElo "1959"]
[Result "0-1"]
[Round "09"]
[TimeControl "180+2"]
[Date "2023.02.21"]
[WhiteClock "0:00:03"]
[BlackClock "0:00:33"]

1. d4 Nf6 2. Bg5 e6 3. Nd2 Be7 4. e3 c5 5. c3 O-O 6. Ngf3 Nc6 7. Bd3 d5 8. Ne5 h6 9. Bh4 Nxe5 10. dxe5 Nd7 11. Bxe7 Qxe7 12. f4 f5 13. g4 Nb6 14. Qf3 Bd7 15. O-O-O Bc6 16. Qg3 d4 17. Rhg1 dxc3 18. bxc3 c4 19. Bc2 Qa3+ 20. Kb1 Nd5 21. Bb3 Nxc3+ 22. Kc2 Nxd1 23. Nxc4 Be4+ 24. Kxd1 Rad8+ 25. Nd6 Rxd6+ 26. exd6 Qxd6+ 27. Kc1 Rc8+ 28. Kb2 Qd2+ 29. Ka3 Qa5+ 30. Kb2 Qc3+ 31. Ka3 Rc6 0-1


[Site "https://www.chess.com"]

[Event "Titled Tuesday Blitz February 21 Late 2023"]
[White "Dias, Joao Batista"]
[Black "Melikyan, Gnel"]
[WhiteFideId "2108240"]
[BlackFideId "54109990"]
[WhiteElo "1796"]
[BlackElo "2238"]
[Result "0-1"]
[Round "09"]
[TimeControl "180+2"]
[Date "2023.02.21"]
[WhiteClock "0:00:17"]
[BlackClock "0:00:25"]

1. e4 Nh6 2. d4 d5 3. e5 c5 4. Bxh6 gxh6 5. c3 Qb6 6. Qb3 c4 7. Qxb6 axb6 8. f4 b5 9. a3 Nc6 10. Nd2 b4 11. Ngf3 b5 12. Be2 bxc3 13. bxc3 e6 14. Nb1 b4 15. cxb4 Bxb4+ 16. Kf2 Bd7 17. Rc1 Ke7 18. a4 Rhb8 19. Nc3 Na5 20. Bd1 Nb3 21. Bxb3 cxb3 22. Rab1 Ba3 23. Rd1 b2 24. Ne1 Rb3 25. Nb5 Bxb5 26. axb5 Rc8 27. Ke2 Rxb5 28. Nd3 Rc4 29. Rd2 Rxd4 30. Ke3 Re4+ 31. Kf2 Rb3 32. g3 Rd4 33. Ke2 Re4+ 34. Kf2 Rc4 35. Ke2 Rc1 36. Rbxb2 Bxb2 37. Rxb2 Rxb2+ 38. Nxb2 Rh1 39. Kf3 Rxh2 40. Nd3 Rd2 41. Ke3 Rxd3+ 42. Kxd3 Kd7 43. Kd4 Kc6 44. g4 h5 45. gxh5 h6 46. Kc3 Kc5 47. Kd3 d4 48. Ke4 Kc4 49. f5 d3 50. fxe6 fxe6 51. Ke3 Kc3 52. Kf4 d2 0-1


[Site "https://www.chess.com"]

[Event "Titled Tuesday Blitz February 21 Late 2023"]
[White "Roman, Rodrigo"]
[Black "Vargas, Mauricio"]
[WhiteFideId "3701220"]
[BlackFideId "4404572"]
[WhiteElo "2058"]
[BlackElo "2035"]
[Result "1-0"]
[Round "09"]
[TimeControl "180+2"]
[Date "2023.02.21"]
[WhiteClock "0:01:10"]
[BlackClock "0:00:02"]

1. e4 d6 2. d4 c6 3. Nc3 g6 4. h3 Bg7 5. Nf3 b6 6. Bf4 Bb7 7. Qd2 Nd7 8. h4 Qc7 9. h5 h6 10. hxg6 fxg6 11. O-O-O g5 12. Be3 O-O-O 13. Kb1 a6 14. g3 b5 15. a3 Kb8 16. Bg2 Ka8 17. Nh2 Nb6 18. b3 Nf6 19. f4 gxf4 20. gxf4 a5 21. e5 Nfd5 22. Nxd5 Nxd5 23. Bxd5 cxd5 24. Ng4 h5 25. Nf2 Rc8 26. Qe2 Ba6 27. Nd3 Kb7 28. Rd2 b4 29. axb4 Ka7 30. Qd1 axb4 31. Nxb4 Qc3 32. Nxa6 Qxe3 33. Rd3 Qxf4 34. Nb4 dxe5 35. Nxd5 Qe4 36. dxe5 Bxe5 37. Re1 Qf5 38. Nxe7 1-0


[Site "https://www.chess.com"]

[Event "Titled Tuesday Blitz February 21 Late 2023"]
[White "Vachier-Lagrave, Maxime"]
[Black "Bluebaum, Matthias"]
[WhiteFideId "623539"]
[BlackFideId "24651516"]
[WhiteElo "2742"]
[BlackElo "2669"]
[Result "1-0"]
[Round "10"]
[TimeControl "180+2"]
[Date "2023.02.21"]
[WhiteClock "0:00:07"]
[BlackClock "0:00:02"]

1. e4 e6 2. d4 d5 3. Nd2 c5 4. Ngf3 cxd4 5. Nxd4 Nf6 6. exd5 Nxd5 7. N2f3 Bb4+ 8. Bd2 O-O 9. Bc4 b6 10. O-O Bxd2 11. Qxd2 Bb7 12. Rad1 Nd7 13. Rfe1 Qc7 14. Bb3 Nc5 15. Ne5 Nxb3 16. axb3 Rad8 17. c4 Nf6 18. Qe3 a6 19. h3 Rd6 20. Ne2 Rfd8 21. Rxd6 Rxd6 22. Nc3 Rd8 23. b4 h6 24. b5 Rd6 25. b4 Nd7 26. Nxd7 Rxd7 27. Na4 axb5 28. Nxb6 Qc6 29. f3 Rd8 30. Qc5 Qxc5+ 31. bxc5 bxc4 32. Nxc4 Bd5 33. Nb6 Bc6 34. Nc4 Bd5 35. Nb6 Bc6 36. Ra1 Rd2 37. Rc1 Kf8 38. Nc4 Rd8 39. Kf2 Ke7 40. Ke3 Rc8 41. Nb6 Rc7 42. Ra1 e5 43. Rd1 f5 44. Rd6 Kf7 45. Nc4 Be8 46. Nxe5+ Ke7 47. Kd4 Ra7 48. Kd5 Ra2 49. Ng6+ Kf7 50. Nf4 g5 51. Nd3 Rxg2 52. Ne5+ Kf8 53. Rxh6 Rd2+ 54. Ke6 Kg7 55. Rf6 Rc2 56. Rxf5 Rxc5 57. Rxg5+ Kh7 58. f4 Rc3 59. h4 Ra3 60. Ke7 Bb5 61. Ng4 Ra7+ 62. Kd6 Ba4 63. Nf6+ Kh6 64. Ng4+ Kh7 65. h5 Rf7 66. Ke5 Bc2 67. Nf6+ Kh6 68. Ng8+ Kh7 69. Nf6+ Kh6 70. Ng4+ Kh7 71. f5 Rf8 72. Nf6+ Kh8 73. Rg6 Bxf5 74. Kxf5 Rf7 75. Rg8# 1-0


[Site "https://www.chess.com"]

[Event "Titled Tuesday Blitz February 21 Late 2023"]
[White "Tabatabaei, M. Amin"]
[Black "Nakamura, Hikaru"]
[WhiteFideId "12521213"]
[BlackFideId "2016192"]
[WhiteElo "2677"]
[BlackElo "2775"]
[Result "1/2-1/2"]
[Round "10"]
[TimeControl "180+2"]
[Date "2023.02.21"]
[WhiteClock "0:00:03"]
[BlackClock "0:00:06"]

1. d4 d6 2. e4 f5 3. Nc3 Nf6 4. Bd3 fxe4 5. Nxe4 Nxe4 6. Bxe4 g6 7. h4 d5 8. Bd3 Bg7 9. h5 Qd6 10. c3 Rf8 11. hxg6 hxg6 12. Nf3 Bf5 13. Rh7 Bf6 14. Bxf5 gxf5 15. Qe2 Nd7 16. g3 O-O-O 17. Bf4 Qc6 18. O-O-O Rh8 19. Rdh1 Rxh7 20. Rxh7 Nf8 21. Rh5 Ne6 22. Be5 Ng7 23. Rh7 Rg8 24. Bxf6 Qxf6 25. Ne5 c6 26. Qe3 Ne8 27. Qf4 Nd6 28. a4 a5 29. Kb1 Qf8 30. Ka2 Qf6 31. Kb3 Ne4 32. Rh6 Qg5 33. Qxg5 Rxg5 34. Rh8+ Kc7 35. Rh7 Nxf2 36. Rxe7+ Kc8 37. Re8+ Kc7 38. Re7+ Kc8 39. Re8+ Kc7 40. Re7+ 1/2-1/2


[Site "https://www.chess.com"]

[Event "Titled Tuesday Blitz February 21 Late 2023"]
[White "Zhigalko, Sergei"]
[Black "Caruana, Fabiano"]
[WhiteFideId "13502956"]
[BlackFideId "2020009"]
[WhiteElo "2572"]
[BlackElo "2764"]
[Result "0-1"]
[Round "10"]
[TimeControl "180+2"]
[Date "2023.02.21"]
[WhiteClock "0:00:04"]
[BlackClock "0:00:09"]

1. e4 e5 2. Nf3 Nc6 3. Bc4 Nf6 4. d3 Bc5 5. O-O d6 6. Nbd2 a5 7. c3 O-O 8. h3 Ba7 9. Re1 Ne7 10. Nf1 c6 11. Ng3 b5 12. Bb3 a4 13. Bc2 Ng6 14. d4 h6 15. Be3 Be6 16. Qd2 Re8 17. a3 Qe7 18. Rad1 Qf8 19. Qc1 Rad8 20. Qb1 Bb8 21. Qc1 d5 22. dxe5 Nxe4 23. Bxe4 dxe4 24. Nxe4 Rxd1 25. Rxd1 Rd8 26. Bc5 Rxd1+ 27. Qxd1 Qe8 28. Nd6 Qd7 29. Qd4 Bd5 30. Nh2 f6 31. f4 fxe5 32. fxe5 Qe6 33. Ng4 h5 34. Ne3 Nxe5 35. Ndf5 Kh7 36. Nxd5 Qxf5 37. Ne3 Qg6 38. Qd1 Nd3 39. Bd4 Nxb2 40. Qe2 Nd3 41. Kh1 Nf4 42. Qd1 Bd6 43. c4 Bxa3 44. cxb5 cxb5 45. Be5 Nd3 46. Qe2 Nxe5 47. Nd5 Bd6 48. Nf4 Qf5 49. Nxh5 Ng6 50. g4 Qb1+ 51. Kg2 Nf4+ 52. Nxf4 Bxf4 53. Qxb5 Qxb5 54. Kf3 a3 0-1


[Site "https://www.chess.com"]

[Event "Titled Tuesday Blitz February 21 Late 2023"]
[White "Paravyan, David"]
[Black "Andreikin, Dmitry"]
[WhiteFideId "4194985"]
[BlackFideId "4158814"]
[WhiteElo "2601"]
[BlackElo "2729"]
[Result "0-1"]
[Round "10"]
[TimeControl "180+2"]
[Date "2023.02.21"]
[WhiteClock "0:00:01"]
[BlackClock "0:00:07"]

1. e4 c5 2. Nf3 e6 3. d4 cxd4 4. Nxd4 Nc6 5. Nc3 a6 6. Be2 Nf6 7. Nxc6 bxc6 8. e5 Nd5 9. Ne4 Qc7 10. f4 Qb6 11. Bd3 Nb4 12. Qe2 c5 13. Be3 Qc6 14. Ng5 Nxd3+ 15. cxd3 Bb7 16. O-O Be7 17. f5 h6 18. Nh3 exf5 19. Rxf5 Qe6 20. Raf1 O-O 21. b3 Rae8 22. Qg4 Qg6 23. Qxg6 fxg6 24. Rxf8+ Bxf8 25. Nf4 Kh7 26. e6 dxe6 27. Rc1 e5 28. Ne2 Rd8 29. Bxc5 Bxc5+ 30. Rxc5 Rxd3 31. Rxe5 Rd2 32. a4 Rb2 33. Re3 Bd5 34. g3 Bxb3 35. a5 Bc4 36. Nd4 Ra2 37. Re5 g5 38. Rc5 Bd3 39. Ne6 Kg6 40. Rc6 Kf5 0-1


[Site "https://www.chess.com"]

[Event "Titled Tuesday Blitz February 21 Late 2023"]
[White "Nihal Sarin"]
[Black "Gokerkan, Cem Kaan"]
[WhiteFideId "25092340"]
[BlackFideId "6336760"]
[WhiteElo "2673"]
[BlackElo "2500"]
[Result "1-0"]
[Round "10"]
[TimeControl "180+2"]
[Date "2023.02.21"]
[WhiteClock "0:00:42"]
[BlackClock "0:00:07"]

1. e4 c5 2. Nf3 e6 3. g3 Nc6 4. Bg2 Nf6 5. Qe2 e5 6. O-O d6 7. c3 Be7 8. Rd1 O-O 9. d4 cxd4 10. cxd4 exd4 11. Nxd4 Nxd4 12. Rxd4 Re8 13. Nc3 Bg4 14. Qb5 Qd7 15. Bf4 Red8 16. Qxd7 Rxd7 17. e5 dxe5 18. Bxe5 Be6 19. Rxd7 Nxd7 20. Bxb7 Re8 21. Bd4 Rb8 22. Bg2 Bc5 23. Bxc5 Nxc5 24. b3 a5 25. Bf1 g6 26. Rc1 Rd8 27. Rd1 Rc8 28. Nd5 Kg7 29. Nf4 Ne4 30. Nxe6+ fxe6 31. Bc4 Kf6 32. Rd7 h5 33. f3 Nc3 34. Rd6 Re8 35. a4 g5 36. Ra6 Nb1 37. Kf2 Nd2 38. Ke3 Nxc4+ 39. bxc4 Rb8 40. Rxa5 Rb3+ 41. Ke4 Rb4 42. Kd4 Rb2 43. h4 gxh4 44. gxh4 Rh2 45. Rxh5 Rd2+ 46. Ke3 Ra2 47. a5 Ra3+ 48. Ke4 Ra4 49. Rc5 Ra1 50. h5 Re1+ 51. Kd3 Rd1+ 52. Kc2 Rh1 53. Kb3 Rb1+ 54. Ka4 Ra1+ 55. Kb5 Rb1+ 56. Kc6 Rf1 57. a6 Rxf3 58. a7 Ra3 59. Kb6 e5 60. Ra5 1-0


[Site "https://www.chess.com"]

[Event "Titled Tuesday Blitz February 21 Late 2023"]
[White "Fedoseev, Vladimir"]
[Black "Sanal, Vahap"]
[WhiteFideId "24130737"]
[BlackFideId "6300545"]
[WhiteElo "2680"]
[BlackElo "2600"]
[Result "1-0"]
[Round "10"]
[TimeControl "180+2"]
[Date "2023.02.21"]
[WhiteClock "0:00:16"]
[BlackClock "0:00:10"]

1. e4 e5 2. Nf3 Nc6 3. Bb5 a6 4. Ba4 Nf6 5. O-O Nxe4 6. d4 b5 7. Bb3 d5 8. dxe5 Be6 9. c3 Be7 10. Bc2 O-O 11. h3 f6 12. exf6 Bxf6 13. Be3 Qd7 14. Nbd2 Nxd2 15. Qxd2 Rae8 16. Rad1 Ne5 17. Nxe5 Bxe5 18. f4 Bf6 19. b4 Bf5 20. Bxf5 Qxf5 21. Bc5 Rf7 22. g4 Qd7 23. Qxd5 Qxd5 24. Rxd5 Bxc3 25. Rf3 Bf6 26. Ra3 Be7 27. f5 Rf6 28. Kg2 Kf8 29. Kf3 Rc6 30. Rc3 a5 31. Bxe7+ 1-0


[Site "https://www.chess.com"]